AoeStats
← earlitepainters

Pilgrims

509229160Analyzed
4v4 RM · 7d ago on Sep 26, 2026· 40m 20s· 8 players
Game mode
Random Map
Map size
Large (8 player)
Population
200
Speed
Normal
Resources
Standard
Victory
Conquest
Starting age
Dark Age
Ending age
Imperial Age
RankedLock teamsTeams togetherTeam positionsShared explorationLock speedFull tech treeHidden civsTurbo modeCheats
Victory
Defeat
🇲🇽 Vikings · Mexico
1261
+15
🇦🇺 Saxons · Australia
1259
+15
🇺🇸 Poles · United States
1203
+17
🇺🇸 Malay · United States
1188
+17
🇺🇸 Wu · United States
1250
-17
🇲🇽 Persians · Mexico
1234
-16
🇺🇸 Dravidians · United States
1227
-16
🇺🇸 Malay · United States
1208
-15
Night Watchman
6:22 Loom
11:34 Feudal Age
16:03 Castle Age
15:50 Fletching
20:52 Double-Bit Axe
22:28 Padded Archer Armor
26:04 Crossbowman
32:09 Thumb Ring
32:07 Bodkin Arrow
32:27 Leather Archer Armor
32:40 Elite Skirmisher
34:32 Thumb Ring
39:42 Wheelbarrow
two_fish
6:19 Loom
11:57 Feudal Age
18:51 Castle Age
18:02 Wheelbarrow
19:02 Medium Warships
18:15 Demolition Ship
19:54 Fletching
20:27 Crossbowman
21:38 Thumb Ring
31:34 Imperial Age
32:14 Forging
36:22 Conscription
35:30 Elite Skirmisher
Naco y Estúpido
7:50 Loom
19:23 Feudal Age
19:52 Double-Bit Axe
24:37 Stone Mining
24:38 Gold Mining
33:04 Castle Age
32:44 Scale Barding Armor
32:49 Forging
32:30 Fletching
33:58 Medium Warships
35:21 Siphons
36:11 Careening
37:01 Bow Saw
37:13 Bodkin Arrow
ValleyMage
3:23 Loom
9:29 Feudal Age
14:37 Castle Age
12:58 Double-Bit Axe
13:58 Scale Barding Armor
13:56 Scale Mail Armor
14:46 Forging
15:49 Gold Mining
17:40 Arson
19:13 Horse Collar
20:12 Chain Mail Armor
20:32 Iron Casting
20:06 Squires
22:45 Town Watch
23:36 Wheelbarrow
30:10 Pikeman
31:50 Hand Cart
40:00 Imperial Age
Tattletale Strangler
13:47 Loom
15:58 Feudal Age
20:04 Town Watch
23:06 Castle Age
22:19 Double-Bit Axe
23:20 Fishing Lines
24:41 Forging
24:29 Gold Mining
25:44 Fletching
27:37 Husbandry
29:51 Gillnets
31:20 Wheelbarrow
32:26 Bow Saw
36:30 Demolition Ship
41:11 Imperial Age
38:13 Man-at-Arms
38:54 Squires
39:09 Long Swordsman
KOF Itachi
7:27 Loom
12:33 Feudal Age
13:12 Double-Bit Axe
15:02 Fletching
15:18 Fishing Lines
19:41 Castle Age
17:40 Gold Mining
20:36 Medium Warships
20:20 Gillnets
20:39 Bodkin Arrow
21:39 Gold Shaft Mining
21:24 Bow Saw
27:04 Padded Archer Armor
27:09 Scale Mail Armor
27:20 Forging
28:33 Ballistics
28:21 Town Watch
30:12 Devotion
31:52 Chieftains
33:26 Stone Mining
36:21 Imperial Age
33:53 Town Patrol
34:32 Leather Archer Armor
34:53 Iron Casting
34:34 Chain Mail Armor
35:10 Fervor
35:37 Heated Shot
35:45 Murder Holes
35:31 Treadmill Crane
36:01 Masonry
36:17 Arson
36:33 Squires
36:45 Elite Longship
37:53 Heavy Warships
38:52 Chemistry
37:58 Siege Engineers
38:16 Conscription
38:23 Bracer
38:54 Ring Archer Armor
38:54 Plate Mail Armor
39:09 Block Printing
38:54 Atonement
39:34 Bogsveigar
40:49 Hoardings
Faelian the Unsuccessful
10:15 Loom
12:57 Feudal Age
16:41 Castle Age
16:31 Double-Bit Axe
16:41 Horse Collar
17:47 Wheelbarrow
23:41 Bow Saw
24:01 Stone Mining
24:23 Heavy Plow
26:34 Stone Shaft Mining
26:17 Hand Cart
25:52 Town Watch
26:44 Fletching
26:55 Padded Archer Armor
27:05 Forging
26:55 Scale Mail Armor
27:25 Forging
27:21 Scale Barding Armor
27:57 Bloodlines
27:47 Husbandry
28:02 Gold Mining
28:48 Iron Casting
28:57 Scale Mail Armor
29:12 Szlachta Privileges
30:03 Chain Barding Armor
29:55 Fletching
30:05 Padded Archer Armor
32:37 Bodkin Arrow
32:57 Leather Archer Armor
33:40 Thumb Ring
38:23 Imperial Age
35:57 Town Patrol
35:23 Light Cavalry
36:50 Treadmill Crane
37:20 Masonry
37:21 Fortified Wall
37:32 Ballistics
39:10 Cavalier
39:13 Heavy Mounted Crossbowman
40:18 Conscription
40:05 Bracer
41:07 Blast Furnace
41:43 Chemistry
40:48 Siege Engineers
earlitepainters
10:33 Loom
12:18 Feudal Age
12:56 Man-at-Arms
13:23 Arson
13:50 Double-Bit Axe
14:34 Scale Mail Armor
14:45 Forging
14:40 Fishing Lines
15:58 Fletching
21:27 Castle Age
20:44 Padded Archer Armor
21:45 Elite Skirmisher
21:58 Long Swordsman
22:24 Gambesons
22:39 Squires
23:14 Chain Mail Armor
23:32 Bow Saw
23:04 Horse Collar
23:38 Bodkin Arrow
31:25 Ballistics
35:20 Murder Holes
39:18 Gillnets
Connection lost

Rejoining the realm…

Still unreachable

The connection could not be restored.

Session expired

The server has moved on; the page needs a fresh start.